 Dungeon Crawl Stone Soup version 0.30-a0-1160-g6e42c06 (webtiles) character file.

Game seed: 11153313050446332367

483 Dorkslayer the Shield-Bearer (level 7, -7/43 HPs)
             Began as a Gargoyle Fighter on Apr 25, 2023.
             Mangled by an ogre
             ... wielding a +0 giant club
              (13 damage)
             ... on level 4 of the Dungeon.
             The game lasted 00:08:53 (2684 turns).

Dorkslayer the Shield-Bearer (Gargoyle Fighter)     Turns: 2684, Time: 00:08:53

Health: -7/43      AC: 19    Str: 21    XL:     7   Next: 12%
Magic:  16/16      EV:  6    Int:  9    God:
Gold:   259        SH:  4    Dex:  9    Spells: 6/6 levels left

rFire   . . .        a - +0 war axe
rCold   . . .        c - +0 buckler
rNeg    + . .        e - +0 plate armour
rPois   ∞            l - +2 hat
rElec   +            (no cloak)
rCorr   .            (no gloves)
SInv    .            b - +0 pair of boots
Will    +....        u - amulet of magic regeneration Stlth
                     p - ring of magical power
HPRegen 0.27/turn    i - ring of willpower
MPRegen 0.55/turn

%: no passive effects
@: no status effects
A: sickness immunity, AC +4, negative energy resistance 1, electricity
resistance, torment resistance 1, petrification resistance
a: no special abilities


You were on level 4 of the Dungeon.
You visited 1 branch of the dungeon, and saw 5 of its levels.

You collected 259 gold pieces.

Inventory:

Hand Weapons
 a - a +0 war axe (weapon)
Missiles
 r - 6 boomerangs (quivered)
Armour
 b - a +0 pair of boots (worn)
 c - a +0 buckler (worn)
 e - a +0 plate armour (worn)
 l - a +2 hat (worn)
Jewellery
 i - a ring of willpower (right hand)
 p - a ring of magical power (left hand)
 u - an amulet of magic regeneration (around neck)
Scrolls
 d - a scroll of brand weapon {unknown}
 f - a scroll of butterflies
 h - a scroll of magic mapping {unknown}
 j - 4 scrolls of teleportation {unknown}
 m - 2 scrolls of noise {unknown}
 q - 2 scrolls of amnesia {unknown}
 s - a scroll of identify
 t - a scroll of vulnerability {unknown}
Potions
 g - a potion of flight {unknown}
 k - a potion of haste
 n - a potion of curing
 o - a potion of mutation
 v - a potion of might


   Skills:
 + Level 4.2 Fighting
 + Level 4.4 Axes
 + Level 0.1 Throwing
 + Level 4.2 Armour
 * Level 2.4 Dodging
 + Level 0.1 Stealth
 + Level 4.4 Shields


You had 6 spell levels left.
You didn't know any spells.
Your spell library contained the following spells:

 Spells                   Type           Power      Damage    Failure   Level
 Ensorcelled Hibernation  Hex/Ice        0%         N/A       100%        2
 Spider Form              Tmut/Pois      0%         N/A       100%        3
 Anguish                  Hex/Necr       0%         N/A       100%        4
 Animate Dead             Necr           0%         N/A       100%        4
 Borgnjor's Vile Clutch   Necr/Erth      0%         N/A       100%        5
 Death Channel            Necr           0%         N/A       100%        6
 Eringya's Noxious Bog    Tmut/Pois      0%         N/A       100%        6
 Lehudib's Crystal Spear  Conj/Erth      0%         10d2      100%        8
 Cigotuvi's Dreadful Rot  Necr/Pois/Air  Unusable   N/A       N/A         2

Dungeon Overview and Level Annotations

Branches:
Dungeon (5/15)
 Temple: D:4-7

Altars:

Shops:
D:2 *

Annotations:
D:3 3 runed translucent doors, ChinnyChinChin's ghost, amateur OpFi; Dorkslayer's ghost, amateur GrFi; Nithhogg's ghost, amateur HOFi; niggles's ghost, amateur DsGl


Innate Abilities, Weirdness & Mutations

You are immune to sickness and miasma.
Your stone body is resilient. (AC +4)
You are immune to poison.
You resist negative energy. (rN+)
You are resistant to electric shocks. (rElec)
You are resistant to unholy torment.
You are immune to petrification.


Message History

An ogre comes into view. It is wielding a +0 giant club.
You see here 20 gold pieces.
You now have 259 gold pieces (gained 20).
The ogre shouts!
There is a stone staircase leading up here.
The gnoll hits you with a +0 flail.
You climb upwards.
There is a stone staircase leading down here.
You hit the gnoll.
The gnoll is moderately wounded.
The gnoll hits you but does no damage.
You slash the gnoll!
You kill the gnoll!
Items here: ) †††.
Items here: ) †††.
There is a stone staircase leading down here.
You climb downwards.
The ogre hits you with a +0 giant club.
There is a stone staircase leading up here.
The ogre barely misses you.
You climb upwards.
There is a stone staircase leading down here.
You slash the ogre!
The ogre is heavily wounded.
You completely miss the ogre.
The ogre is heavily wounded.
The ogre hits you with a +0 giant club.
You hit the ogre.
The ogre is severely wounded.
The ogre hits you with a +0 giant club!
You hit the ogre.
The ogre is almost dead.
The ogre hits you but does no damage.
You hit the ogre but do no damage.
The ogre is almost dead.
The ogre hits you with a +0 giant club!!
* * * LOW HITPOINT WARNING * * *
You hit the ogre.
The ogre is almost dead.
The ogre hits you with a +0 giant club!
You die...

#.#.# #..........#
##.#.#
##..####.###
...#.#####..###.#
...#.........##.##
...#########.#...#
...# #.....# ...#
##.#...# ...#
#....)O# ...#
######@# #### ###
# #


You could see an ogre.

Vanquished Creatures
  A phantom (D:4)
  A gnoll sergeant (D:4)
  A scorpion (D:4)
  2 hounds (D:4)
  2 iguanas (D:4)
  2 orc wizards (D:4)
  4 gnolls
  2 adders
  2 worms (D:3)
  3 dart slugs
  An orc (D:4)
  7 ball pythons
  3 endoplasms
  4 giant cockroaches
  5 goblins
  2 hobgoblins
  10 jackals
  2 quokkas
  5 bats
  A frilled lizard (D:1)
  8 kobolds
  4 rats
72 creatures vanquished.

Notes
Turn   | Place    | Note
-------+----------+-------------------------------------------
     0 | D:1      | Dorkslayer the Gargoyle Fighter began the quest for the
                  | Orb.
     0 | D:1      | Reached XP level 1. HP: 14/14 MP: 1/1
    82 | D:1      | Reached XP level 2. HP: 15/19 MP: 2/2
   181 | D:1      | Found a faded altar of an unknown god.
   182 | D:1      | Got Sif Muna's Collected Works on Noxious Hurting
   349 | D:1      | Reached XP level 3. HP: 20/23 MP: 3/3
   967 | D:2      | Found Soakurel's Assorted Antiques.
  1277 | D:3      | Found a runed translucent gate.
  1291 | D:3      | Found a runed translucent gate.
  1292 | D:3      | Found a runed translucent gate.
  1292 | D:3      | Noticed niggles's ghost (amateur DsGl)
  1293 | D:3      | Noticed Dorkslayer's ghost (amateur GrFi)
  1293 | D:3      | Noticed Nithhogg's ghost (amateur HOFi)
  1293 | D:3      | Noticed ChinnyChinChin's ghost (amateur OpFi)
  1419 | D:3      | Reached skill level 1 in Dodging
  1507 | D:3      | Reached XP level 4. HP: 29/29 MP: 4/4
  1907 | D:4      | Noticed a scorpion
  1919 | D:4      | Killed a scorpion
  1920 | D:4      | Reached XP level 5. HP: 28/33 MP: 5/5
  2060 | D:4      | Reached XP level 6. HP: 26/38 MP: 6/6
  2503 | D:5      | Entered Level 5 of the Dungeon
  2641 | D:4      | Reached XP level 7. HP: 38/43 MP: 7/7
  2684 | D:4      | Mangled by an ogre

Illustrated notes

Levels and vault maps discovered:
D:1:      kennysheep_arrival_forest, layout_loops_ring,
          chequers_ecumenical_altar_simple_redux
D:2:      layout_basic, serial_shops, shop, minmay_misc_feat_iff,
          kennysheep_generic_room_15
D:3:      layout_loops_ring, gammafunk_ghost_cemetery
D:4:      layout_basic, chequers_garden
D:5:      layout_cave_pools, minitemple, serial_gnoll_camp,
          gnoll_camp_mini_loothouse, gnoll_camp_mini_shop, gnoll_camp_medium_01,
          gnoll_camp_mini_basic, gnoll_camp_huts_basic, serial_shops,
          kennysheep_mini_moat, minmay_misc_feat_roman,
          chequers_serial_rivers_micro_b, roderic_batcave, uniq_prince_ribbit1

Skill      XL: |  1  2  3  4  5  6 |
---------------+-------------------+-----
Axes           | 2 3 4 |  4.4
Dodging        | 1 2 |  2.4
Shields        | 4 |  4.4
Fighting       | 4 |  4.2
Armour         | 4 |  4.2
Throwing       | |  0.1
Stealth        | |  0.1

Action                     |  1- 3 |  4- 6 |  7- 9 || total
---------------------------+-------+-------+-------++-------
  Melee: War axe           |   127 |   133 |    11 ||   271
  Throw: Boomerang         |       |     4 |       ||     4
    Use: Scroll            |       |     5 |       ||     5
         Potion            |       |     2 |       ||     2
 Armour: Plate armour      |   125 |   120 |     4 ||   249
         Scale mail        |     5 |       |       ||     5
  Dodge: Dodged            |    48 |    55 |     2 ||   105
  Block: Buckler           |    33 |    40 |     1 ||    74

Table legend: (Time is in decaauts)
 A = Elapsed time spent in this place.
 B = Non-inter-level travel time spent in this place.
 C = Inter-level travel time spent in this place.
 D = Time resting spent in this place.
 E = Time spent auto-exploring this place.
 F = Levels seen in this place.
 G = Mean time per level.
                   A        B        C        D        E       F      G
               +--------+--------+--------+--------+--------+-----+--------+
         Total |   2794 |   2794 |      0 |     56 |   1433 |   5 |  558.8 |
       Dungeon |   2794 |   2794 |      0 |     56 |   1433 |   5 |  558.8 |
               +--------+--------+--------+--------+--------+-----+--------+

Top non-repeatable levels by time:
     D:4: 792 daAuts
     D:3: 720 daAuts
     D:1: 706 daAuts
     D:2: 522 daAuts
     D:5: 52 daAuts
